 Dungeon Crawl Stone Soup version 0.18.1-48-g4cf74bf (webtiles) character file.

142 Joat the Magician (level 5, -2/35 HPs)
             Began as a Human Wizard on Aug 15, 2016.
             Was an Initiate of Kikubaaqudgha.
             Slain by a gnoll
             ... wielding a +0 whip
              (7 damage)
             ... on level 3 of the Dungeon.
             The game lasted 00:09:22 (2157 turns).

Joat the Magician (Human Wizard)                    Turns: 2157, Time: 00:09:23

Health: -2/35      AC:  3    Str:  8    XL:     5   Next: 50%
Magic:  8/19       EV: 12    Int: 19    God:    Kikubaaqudgha [......]
Gold:   88         SH:  0    Dex: 11    Spells: 2 memorised, 8 levels left

rFire  . . .     SeeInvis .     e - +0 dagger
rCold  . . .     Gourm    .     a - +0 robe
rNeg   . . .     Faith    .     (no shield)
rPois  .         Spirit   .     b - +0 hat
rElec  .         Dismiss  .     i - +0 cloak
rCorr  .         Reflect  .     (no gloves)
SustAt .         Harm     .     (no boots)
MR     .....                    (no amulet)
Stlth  ++........               (no ring)
                                m - ring of magical power

@: not resistant to hostile enchantments, unstealthy
A: no striking features
a: Renounce Religion


You were on level 3 of the Dungeon.
You worshipped Kikubaaqudgha.
Kikubaaqudgha was noncommittal.
You were not hungry.

You visited 1 branch of the dungeon, and saw 3 of its levels.

You collected 88 gold pieces.

Inventory:

Hand Weapons
 e - a +0 dagger (weapon)
Armour
 a - a +0 robe (worn)
 b - a +0 hat (worn)
 i - a +0 cloak (worn)
 p - a +0 chain mail
Jewellery
 m - a ring of magical power (left hand)
Scrolls
 f - a scroll of remove curse {unknown}
 h - 5 scrolls of identify {unknown}
 l - 3 scrolls of teleportation {unknown}
 o - 2 scrolls of blinking {unknown}
 s - a scroll of amnesia {unknown}
 t - a scroll of fear {unknown}
Potions
 g - a potion of ambrosia {unknown}
 j - a potion of berserk rage {unknown}
 k - a potion of agility {unknown}
 n - a potion of might {unknown}
Books
 c - a book of Minor Magic

   Spells                             Type                      Level
   a - Magic Dart                     Conjuration                  1
   b - Blink                          Translocation                2
   c - Call Imp                       Summoning                    2
   d - Repel Missiles                 Charms/Air                   2
   e - Slow                           Hexes                        2
   f - Conjure Flame                  Conjuration/Fire             3
   g - Mephitic Cloud                 Conjuration/Poison/Air       3
Comestibles
 d - 2 bread rations
 r - a meat ration


   Skills:
 - Level 2.0 Dodging
 - Level 2.0 Stealth
 + Level 3.7 Spellcasting
 + Level 3.7 Conjurations
   Level 1.0 Summonings
 + Level 2.1 Translocations


You had 8 spell levels left.
You knew the following spells:

 Your Spells              Type           Power        Failure   Level  Hunger
a - Magic Dart            Conj           ###.         3%          1    None
b - Blink                 Tloc           N/A          10%         2    ##.....


Dungeon Overview and Level Annotations

Branches:
Dungeon (3/15)

Altars:
Ashenzari
Kikubaaqudgha
Ru


Message History

The magic dart hits the gnoll.
You kill the gnoll!
Kikubaaqudgha accepts your kill.
Casting: Magic Dart
Confirm with . or Enter, or press ? or * to list all spells.
Aiming: Magic Dart
Press: ? - help, Shift-Dir - straight line, f - gnoll
Aim: a gnoll, wielding a whip (moderately wounded)
The magic dart hits the gnoll.
The gnoll is heavily wounded.
Casting: Magic Dart
Confirm with . or Enter, or press ? or * to list all spells.
Aiming: Magic Dart
Press: ? - help, Shift-Dir - straight line, f/p - gnoll
Aim: a gnoll, wielding a whip (heavily wounded)
The magic dart hits the gnoll.
The gnoll is heavily wounded.
The gnoll hits you with a whip!
You die...
Kikubaaqudgha rasps: "You have failed me!
Welcome... death!"

#.. #.# ##.#### #
.....# #+## #.
##.##.# #.$.#
#.##.<##.# #.....
#...รท###.##......
#..(.....#..)....
##.......@g)......
...........#.[.....
#..........###......
#..........# #.....
####.......# #...#
#.......# #+##
#........ ##..######
#..


You could see a gnoll.

Vanquished Creatures
  Jessica (D:2)
  2 adders (D:2)
  5 gnolls
  A worm (D:2)
  A dart slug (D:1)
  2 giant geckos (D:1)
  A ball python (D:1)
  4 bats
  3 giant cockroaches
  5 goblins
  9 hobgoblins
  2 giant newts (D:2)
  5 kobolds
  A rat (D:2)
42 creatures vanquished.

Notes
Turn   | Place    | Note
--------------------------------------------------------------
     0 | D:1      | Joat the Human Wizard began the quest for the Orb.
     0 | D:1      | Reached XP level 1. HP: 13/13 MP: 4/4
   447 | D:1      | Reached XP level 2. HP: 19/19 MP: 4/6
   952 | D:1      | Reached XP level 3. HP: 24/24 MP: 7/7
  1376 | D:2      | Found an ancient bone altar of Kikubaaqudgha.
  1389 | D:2      | Learned a level 2 spell: Blink
  1389 | D:2      | Became a worshipper of Kikubaaqudgha
  1428 | D:2      | Reached XP level 4. HP: 30/30 MP: 6/8
  1515 | D:2      | Found a sacrificial altar of Ru.
  1723 | D:2      | Noticed Jessica
  1729 | D:2      | Killed Jessica
  1837 | D:2      | Found a shattered altar of Ashenzari.
  1910 | D:2      | Reached XP level 5. HP: 21/35 MP: 10/10
  2157 | D:3      | Slain by a gnoll

Skill      XL: |  1  2  3  4  5 |
---------------+----------------+-----
Conjurations   | 2 3 |  3.7
Translocations | 2 |  2.1
Dodging        | |  2.0
Stealth        | |  2.0
Spellcasting   | |  3.7
Summonings     | |  1.0

Action                   |  1- 3 |  4- 6 || total
-------------------------+-------+-------++-------
Melee: Dagger            |    18 |     2 ||    20
 Cast: Magic Dart        |    66 |    60 ||   126
  Eat: Chunk             |     1 |     3 ||     4
Armor: Robe              |    11 |     2 ||    13
Dodge: Dodged            |    15 |    17 ||    32
